 Dungeon Crawl Stone Soup version 0.22.1-5-g62c59d9 (webtiles) character file.

3584 Kairos the Cudgeler (level 10, -4/51 HPs)
             Began as a Vine Stalker Fighter on Jan 8, 2019.
             Was a Priest of Okawaru.
             Slain by a two-headed ogre
             ... wielding a +0 giant club
              (7 damage)
             ... on level 8 of the Dungeon.
             The game lasted 00:14:31 (6852 turns).

Kairos the Cudgeler (Vine Stalker Fighter)          Turns: 6852, Time: 00:14:32

Health: -4/51      AC: 17    Str: 22    XL:     10   Next: 10%
Magic:  0/21       EV: 11    Int:  8    God:    Okawaru [***...]
Gold:   515        SH:  0    Dex: 10    Spells: 9/9 levels left

rFire    . . .     SeeInvis .   v - +8 great mace of Nightmares {flame, rPois rC- Dex-4 Stlth+}
rCold    x . .     Gourm    .   (shield currently unavailable)
rNeg     . . .     Faith    .   b - +0 scale mail
rPois    +         Spirit   +   t - +1 helmet
rElec    .         Reflect  .   s - +0 cloak
rCorr    .         Harm     .   (no gloves)
MR       +....                  w - +0 pair of boots
Stlth    ++........             (no amulet)
HPRegen  0.57/turn              j - ring of magical power
MPRegen  0.17/turn              h - +5 ring of protection

@: no status effects
A: fangs 3, regeneration 1, magic shield, antimagic bite, no potion heal 3, rot
immunity
a: Heroism, Renounce Religion


You were on level 8 of the Dungeon.
You worshipped Okawaru.
Okawaru was most pleased with you.
You were hungry.

You visited 2 branches of the dungeon, and saw 9 of its levels.

You collected 515 gold pieces.

Inventory:

Hand Weapons
 a - a +0 war axe
 p - a +1 hand axe of chopping
 v - the +8 great mace of Nightmares (weapon) {flame, rPois rC- Dex-4 Stlth+}
   (You found it on level 5 of the Dungeon)

   It has been specially enchanted to burn those struck by it, causing extra
   injury to most foes and up to half again as much damage against particularly
   susceptible opponents.
   It affects your dexterity (-4).
   It makes you vulnerable to cold.
   It protects you from poison.
   It makes you more stealthy.
Armour
 b - a +0 scale mail (worn)
 c - a +0 shield
 s - a +0 cloak (worn)
 t - a +1 helmet (worn)
 w - a +0 pair of boots (worn)
Jewellery
 g - an uncursed ring of positive energy
 h - a +5 ring of protection (right hand)
 j - a ring of magical power (left hand)
 u - an uncursed ring of magical power
Wands
 m - a wand of flame (29)
 r - a wand of polymorph (12)
 y - a wand of enslavement (3)
 A - a wand of paralysis (16)
 C - a wand of digging (12)
 I - a wand of iceblast (10)
Scrolls
 e - a scroll of magic mapping
 k - a scroll of teleportation
 l - 6 scrolls of remove curse
 n - a scroll of enchant armour {unknown}
 x - a scroll of immolation {unknown}
 B - a scroll of identify
 E - a scroll of vulnerability {unknown}
 F - a scroll of brand weapon {unknown}
 H - a scroll of enchant weapon
Potions
 d - a potion of might
 i - a potion of resistance {unknown}
 o - a potion of haste {unknown}
 q - 3 potions of degeneration {unknown}
 z - a potion of mutation {unknown}
 D - a potion of curing {unknown}
Comestibles
 f - 15 rations


   Skills:
 + Level 5.4 Fighting
 + Level 4.5(6.7) Axes
 + Level 7.7(8.3) Maces & Flails
 + Level 5.4 Armour
 + Level 2.9 Dodging
 * Level 3.8 Stealth
 + Level 4.2 Shields
 * Level 2.5 Invocations


You had 9 spell levels left.
You didn't know any spells.
Your spell library was empty.

Dungeon Overview and Level Annotations

Branches:
Dungeon (8/15)             Temple (1/1) D:4
   Lair: D:8-11

Altars:
Cheibriados
Dithmenos
Elyvilon
Fedhas
Gozag
Hepliaklqana
Kikubaaqudgha
Makhleb
Nemelex Xobeh
Okawaru
Qazlal
Ru
Sif Muna
Trog
Wu Jian
Xom
Yredelemnul
The Shining One

Annotations:
D:8 Grum


Innate Abilities, Weirdness & Mutations

You have razor-sharp teeth.
Your natural rate of healing is unusually fast.
When hurt, damage is shared between your health and your magic reserves.
Your bite disrupts and absorbs the magic of your enemies.
Potions cannot restore your health.
You are immune to rotting.


Message History

The two-headed ogre is severely wounded.
The two-headed ogre hits you with a giant club!
The two-headed ogre hits you but does no damage.
You barely miss the two-headed ogre.
The two-headed ogre is severely wounded.
The two-headed ogre hits you with a giant club.
The two-headed ogre hits you with a giant club!
You are too injured to fight recklessly!
You sock the two-headed ogre! You burn the two-headed ogre.
The two-headed ogre is severely wounded.
The two-headed ogre closely misses you.
The two-headed ogre hits you with a giant club!
* * * LOW HITPOINT WARNING * * *
A quokka comes into view.
You sock the two-headed ogre! You burn the two-headed ogre.
The two-headed ogre is almost dead.
The two-headed ogre hits you with a giant club!
* * * LOW HITPOINT WARNING * * *
The two-headed ogre hits you with a giant club!
You die...

.........# ...S....(# . ..
.........#
..######'#######.####.#
#..............### ##.###
#.....$........#. #.(..#
#.............r' #....#
#.............O# #....#
#.............@# #.)..#
#..............######...#
############.......##...###
........'.......#......#
>.......#.......#......#
........#.......'......#
#######'#.......##....##
+## ##..##.##'#.....######
....
#...#.....#.....#....#.....


You could see a two-headed ogre and a quokka.

Vanquished Creatures
  Pikel (D:6)
  A gargoyle (D:8)
  A spriggan (D:7)
  Menkaure (D:7)
  A water moccasin (D:7)
  An ice beast (D:8)
  2 orc warriors (D:7)
  A sky beast (D:7)
  A phantom (D:4)
  2 ogres
  A hornet zombie (D:7)
  3 centaurs
  3 bullfrogs
  3 wights (D:6)
  A howler monkey (D:6)
  2 crimson imps
  2 bullfrog zombies
  A centaur zombie (D:8)
  A quasit (D:7)
  6 hounds
  2 bullfrog skeletons
  2 jellies
  3 orc priests (D:5)
  2 orc wizards (D:7)
  A centaur skeleton (D:7)
  7 worker ants
  A hound zombie (D:5)
  A hound skeleton (D:5)
  Robin (D:4)
  2 howler monkey skeletons
  3 gnolls (D:6)
  9 adders
  2 shadow imps
  2 oozes (D:7)
  An adder skeleton (D:8)
  3 worms
  A dart slug (D:1)
  8 leopard geckos
  8 orcs
  4 giant cockroaches
  17 goblins
  5 hobgoblins
  7 jackals
  8 kobolds
  4 quokkas
  2 ball pythons (D:3)
  8 bats (D:1)
  7 frilled lizards
  A leopard gecko skeleton (D:7)
  A quokka skeleton (D:6)
  8 rats
166 creatures vanquished.

Vanquished Creatures (others)
  A hound (D:6)
1 creature vanquished.

Grand Total: 167 creatures vanquished

Notes
Turn   | Place    | Note
-------+----------+-------------------------------------------
     0 | D:1      | Kairos the Vine Stalker Fighter began the quest for the
                  | Orb.
     0 | D:1      | Reached XP level 1. HP: 11/11 MP: 2/2
    77 | D:1      | Reached XP level 2. HP: 8/16 MP: 1/3
   694 | D:1      | Reached XP level 3. HP: 19/19 MP: 4/4
   862 | D:2      | Gained mutation: Your natural rate of healing is unusually
                  | fast. [Vine Stalker growth]
   862 | D:2      | Reached XP level 4. HP: 12/23 MP: 5/5
  1618 | D:2      | Found an ancient bone altar of Kikubaaqudgha.
  1868 | D:3      | Found a burning altar of Makhleb.
  2009 | D:3      | Reached XP level 5. HP: 26/28 MP: 6/6
  2161 | D:3      | Found a snail-covered altar of Cheibriados.
  2554 | D:4      | Noticed an ogre
  2563 | D:4      | Killed an ogre
  2563 | D:4      | Reached XP level 6. HP: 16/32 MP: 7/7
  2569 | D:4      | Reached skill level 1 in Dodging
  2741 | D:4      | Noticed Robin
  2778 | D:4      | Killed Robin
  2924 | D:4      | Noticed a phantom
  2944 | D:4      | Killed a phantom
  2944 | D:4      | Reached XP level 7. HP: 36/36 MP: 8/8
  3003 | D:4      | Found an opulent altar of Gozag.
  3186 | D:4      | Found a staircase to the Ecumenical Temple.
  3306 | Temple   | Entered the Ecumenical Temple
  3373 | Temple   | Became a worshipper of Warmaster Okawaru
  3589 | D:5      | Entered Level 5 of the Dungeon
  3676 | D:5      | Found a sacrificial altar of Ru.
  3769 | D:5      | Got a crystal great mace
  3775 | D:5      | Identified the +8 great mace of Nightmares {flame, rPois
                  | rC- Dex-4 Stlth+} (You found it on level 5 of the Dungeon)
  4277 | D:5      | Reached skill level 1 in Maces & Flails
  4683 | D:6      | Reached skill level 2 in Maces & Flails
  4729 | D:6      | Gained mutation: You have razor-sharp teeth. [Vine Stalker
                  | growth]
  4729 | D:6      | Reached XP level 8. HP: 42/42 MP: 9/9
  4739 | D:6      | Reached skill level 1 in Stealth
  4780 | D:6      | Noticed Pikel
  4838 | D:6      | Killed Pikel
  4838 | D:6      | Reached * piety under Okawaru
  4838 | D:6      | Reached skill level 4 in Maces & Flails
  4948 | D:6      | Reached skill level 5 in Maces & Flails
  4952 | D:6      | Reached ** piety under Okawaru
  4976 | D:6      | Reached XP level 9. HP: 46/46 MP: 10/10
  5441 | D:7      | Found a blossoming altar of Fedhas.
  5654 | D:7      | Reached skill level 5 in Fighting
  5654 | D:7      | Reached skill level 6 in Maces & Flails
  5663 | D:7      | Reached skill level 5 in Armour
  5752 | D:7      | Noticed Menkaure
  6010 | D:7      | Reached skill level 1 in Invocations
  6058 | D:7      | Reached skill level 7 in Maces & Flails
  6186 | D:7      | Killed Menkaure
  6186 | D:7      | Reached *** piety under Okawaru
  6295 | D:7      | Got a jewelled quarterstaff
  6296 | D:7      | Identified the cursed +3 quarterstaff "Fyaschil" {elec,
                  | +Fly} (You found it on level 7 of the Dungeon)
  6377 | D:8      | Noticed Grum
  6444 | D:8      | Noticed a gargoyle
  6452 | D:8      | Killed a gargoyle
  6452 | D:8      | Reached XP level 10. HP: 32/51 MP: 12/12
  6458 | D:8      | Found a shadowy altar of Dithmenos.
  6663 | D:8      | Noticed a two-headed ogre
  6852 | D:8      | Slain by a two-headed ogre

Skill      XL: |  1  2  3  4  5  6  7  8  9 |
---------------+----------------------------+-----
Axes           | 2 3 4 |  4.5
Shields        | 3 4 |  4.2
Fighting       | 3 4 5 |  5.4
Armour         | 3 4 5 |  5.4
Dodging        | 1 2 |  2.9
Maces & Flails | 2 5 7 |  7.7
Stealth        | 1 3 |  3.8
Invocations    | 2 |  2.5

Action                   |  1- 3 |  4- 6 |  7- 9 | 10-12 || total
-------------------------+-------+-------+-------+-------++-------
Melee: War axe           |    87 |    81 |       |       ||   168
       Bite              |    19 |    49 |    45 |     9 ||   122
       Hand axe          |       |    80 |    42 |       ||   122
       Great mace        |       |       |   196 |    22 ||   218
Invok: Heroism           |       |       |     1 |       ||     1
  Use: Scroll            |       |       |     7 |     1 ||     8
  Eat: Chunk             |       |     3 |     7 |     2 ||    12
       Ration            |       |     1 |     1 |       ||     2
Armor: Scale mail        |    81 |    83 |   158 |    23 ||   345
Dodge: Dodged            |    52 |    47 |   153 |    13 ||   265
Block: Shield            |    78 |    85 |    12 |       ||   175
